[ AOE2 MATCH · #486562015 ]
UnrankedChinese vs Britons
Player's team · WIN
Rival team · LOSS
[ REPLAY ANALYSIS · EXTRACTED FROM THE RECORDED GAME ]
Feudal
11:04
Castle
—
Imperial
—
| APM avg | 32.6 |
| APM peak | 69 |
| eAPM avg | 15.1 |
| Villagers / military | 34 / 18 |
Focus
⚔️ 43.4% · 🌾 56.6%
Archer ×18
Feudal
12:15
Castle
—
Imperial
—
| APM avg | 34.7 |
| APM peak | 56 |
| eAPM avg | 17.8 |
| Villagers / military | 22 / 16 |
Focus
⚔️ 20.2% · 🌾 79.8%
Archer ×11 · Skirmisher ×4 · Militia ×1
Match map
Initial resources + every placement click. Lines = walls · curves = elevation contours. ◆ gold · ⬟ stone · ● berries · ✦ relic · ◌ wall gap
Your base· Open — 10t gap
Carlomagno91's base· Open — unwalled flank
Smoothed initial terrain · ◌ = detected wall gap · hover for details
Inputs per minute
— DS_Gitano Urbano - - Carlomagno91
Build order — DS_Gitano Urbano
88 actions detected in the replay
| 0:19 | Build | Town Center |
| 2:26 | Research | Loom |
| 2:32 | Build | House |
| 3:04 | Create | Villager (Male) |
| 3:27 | Create | Villager (Male) |
| 3:50 | Create | Villager (Male) |
| 3:58 | Build | Lumber Camp |
| 4:12 | Create | Villager (Male) |
| 4:13 | Create | Villager (Male) |
| 4:33 | Create | Villager (Male) |
| 5:06 | Create | Villager (Male) |
| 5:06 | Create | Villager (Male) |
| 5:26 | Create | Villager (Male) |
| 6:10 | Build | House |
| 6:16 | Create | Villager (Male) |
| 6:19 | Build | House |
| 6:41 | Create | Villager (Male) |
| 7:10 | Create | Villager (Male) |
| 7:19 | Build | Mill |
| 7:30 | Create | Villager (Male) |
| 8:03 | Create | Villager (Male) |
| 8:27 | Create | Villager (Male) |
| 8:49 | Research | Feudal Age |
| 10:03 | Build | Barracks |
| 10:34 | Build | Mining Camp |
| 10:38 | Create | Villager (Male) |
| 10:55 | Create | Villager (Male) |
| 11:04 | Age | Feudal Age |
| 11:07 | Research | Double-Bit Axe |
| 11:15 | Build | Watch Tower |
| 11:28 | Build | House |
| 11:31 | Build | Palisade Wall |
| 11:32 | Build | Palisade Wall |
| 11:32 | Build | Palisade Wall |
| 11:33 | Build | Palisade Wall |
| 11:34 | Build | Palisade Wall |
| 11:37 | Create | Villager (Male) |
| 12:02 | Create | Villager (Male) |
| 12:20 | Build | Archery Range |
| 12:22 | Create | Villager (Male) |
| 12:28 | Create | Villager (Male) |
| 12:36 | Build | House |
| 13:00 | Build | Blacksmith |
| 13:11 | Create | Villager (Male) |
| 13:15 | Build | Watch Tower |
| 13:26 | Create | Archer |
| 13:26 | Create | Archer |
| 13:30 | Create | Villager (Male) |
| 13:32 | Research | Town Watch |
| 13:55 | Create | Archer |
| 14:01 | Build | House |
| 14:14 | Research | Fletching |
| 14:19 | Create | Archer |
| 14:27 | Create | Archer |
| 14:48 | Create | Archer |
| 14:50 | Create | Villager (Male) |
| 15:07 | Create | Villager (Male) |
| 15:15 | Build | House |
| 15:17 | Build | Palisade Wall |
| 15:23 | Create | Archer |
| 15:30 | Build | Palisade Wall |
| 15:33 | Build | Palisade Wall |
| 15:36 | Create | Archer |
| 15:45 | Create | Villager (Male) |
| 15:49 | Build | House |
| 15:53 | Build | Palisade Wall |
| 16:02 | Create | Villager (Male) |
| 16:18 | Create | Archer |
| 16:42 | Build | Watch Tower |
| 16:52 | Build | Archery Range |
| 17:02 | Create | Villager (Male) |
| 17:10 | Create | Villager (Male) |
| 17:33 | Create | Archer |
| 17:33 | Create | Archer |
| 17:45 | Create | Archer |
| 18:14 | Build | Watch Tower |
| 18:19 | Create | Archer |
| 18:19 | Create | Archer |
| 18:22 | Create | Villager (Male) |
| 18:24 | Create | Villager (Male) |
| 18:26 | Build | House |
| 18:44 | Create | Archer |
| 19:08 | Create | Archer |
| 19:08 | Create | Archer |
| 19:22 | Create | Villager (Male) |
| 19:23 | Create | Villager (Male) |
| 19:45 | Create | Archer |
| 19:51 | Create | Villager (Male) |
Build order — Carlomagno91
64 actions detected in the replay
| 0:27 | Build | Town Center |
| 0:48 | Build | House |
| 0:52 | Build | House |
| 2:33 | Create | Villager (Male) |
| 2:33 | Create | Villager (Male) |
| 2:33 | Create | Villager (Male) |
| 2:34 | Create | Villager (Male) |
| 3:43 | Create | Villager (Male) |
| 4:05 | Create | Villager (Male) |
| 4:18 | Create | Villager (Male) |
| 4:22 | Research | Loom |
| 4:46 | Build | Lumber Camp |
| 4:47 | Create | Villager (Male) |
| 5:42 | Build | House |
| 5:48 | Research | Loom |
| 5:49 | Research | Loom |
| 6:35 | Create | Villager (Male) |
| 6:36 | Create | Villager (Male) |
| 6:36 | Create | Villager (Male) |
| 6:36 | Create | Villager (Male) |
| 6:36 | Create | Villager (Male) |
| 6:37 | Create | Villager (Male) |
| 7:13 | Build | House |
| 7:48 | Build | Mill |
| 7:53 | Create | Villager (Male) |
| 8:43 | Create | Villager (Male) |
| 9:05 | Create | Villager (Male) |
| 10:05 | Research | Feudal Age |
| 10:05 | Research | Feudal Age |
| 10:29 | Build | Barracks |
| 11:18 | Build | Palisade Wall |
| 12:15 | Age | Feudal Age |
| 12:20 | Research | Town Watch |
| 12:21 | Research | Town Watch |
| 12:21 | Create | Villager (Male) |
| 12:30 | Build | Archery Range |
| 12:40 | Build | Mining Camp |
| 12:58 | Research | Double-Bit Axe |
| 12:58 | Research | Double-Bit Axe |
| 13:04 | Create | Villager (Male) |
| 13:20 | Create | Archer |
| 13:21 | Create | Archer |
| 13:25 | Build | House |
| 14:08 | Create | Skirmisher |
| 14:10 | Build | House |
| 14:50 | Create | Skirmisher |
| 14:51 | Create | Skirmisher |
| 15:10 | Create | Militia |
| 15:20 | Build | Lumber Camp |
| 16:04 | Create | Archer |
| 16:05 | Create | Archer |
| 16:05 | Create | Archer |
| 16:14 | Create | Villager (Male) |
| 16:29 | Create | Archer |
| 16:59 | Create | Archer |
| 17:00 | Create | Archer |
| 17:34 | Create | Archer |
| 17:35 | Create | Archer |
| 17:43 | Create | Villager (Male) |
| 17:44 | Create | Villager (Male) |
| 18:02 | Build | Blacksmith |
| 18:25 | Build | Watch Tower |
| 18:30 | Create | Skirmisher |
| 19:03 | Create | Archer |
Match timeline
| 10:03 | DS_Gitano Urbano · first_building Barracks |
| 10:29 | Carlomagno91 · first_building Barracks |
| 11:04 | DS_Gitano Urbano · age_up feudal |
| 11:18 | Carlomagno91 · wall_segment Palisade Wall x1 |
| 11:31 | DS_Gitano Urbano · wall_segment Palisade Wall x1 |
| 11:32 | DS_Gitano Urbano · wall_segment Palisade Wall x1 |
| 11:32 | DS_Gitano Urbano · wall_segment Palisade Wall x1 |
| 11:33 | DS_Gitano Urbano · wall_segment Palisade Wall x1 |
| 11:34 | DS_Gitano Urbano · wall_segment Palisade Wall x1 |
| 12:15 | Carlomagno91 · age_up feudal |
| 12:20 | DS_Gitano Urbano · first_building Archery Range |
| 12:30 | Carlomagno91 · first_building Archery Range |
| 15:17 | DS_Gitano Urbano · wall_segment Palisade Wall x1 |
| 15:30 | DS_Gitano Urbano · wall_segment Palisade Wall x1 |
| 15:33 | DS_Gitano Urbano · wall_segment Palisade Wall x1 |
| 15:53 | DS_Gitano Urbano · wall_segment Palisade Wall x1 |
| 19:53 | Carlomagno91 · resign |
[ AI ANALYSIS · 1 CREDIT ]
What really happened in this match?
Wolo.gg analyzes every decision: build order, eco, micro, common mistakes by bracket. Personalized analysis on WhatsApp or Discord in 30 seconds.
Civ guide
Chinese
Perfil
Jugador #352739